[Event "Titled Tuesday Blitz April 11 Late 2023"]
[White "Hakobyan, Aram"]
[Black "Holt, Conrad"]
[WhiteFideId "13306677"]
[BlackFideId "2034387"]
[WhiteElo "2584"]
[BlackElo "2592"]
[Result "1-0"]
[Round "04"]
[TimeControl "180+2"]
[Date "2023.04.11"]
[WhiteClock "0:00:22"]
[BlackClock "0:00:03"]

1. d4 d5 2. c4 c6 3. Nf3 Nf6 4. Nc3 dxc4 5. e4 b5 6. Qc2 Na6 7. a3 e6 8. Be2 Be7 9. O-O O-O 10. Rd1 Nc7 11. Rb1 Bb7 12. b3 cxb3 13. Rxb3 Rb8 14. e5 Nd7 15. Ne4 Nd5 16. Nfg5 h6 17. Rh3 c5 18. dxc5 hxg5 19. Nf6+ N7xf6 20. exf6 g6 21. fxe7 Qxe7 22. c6 Ba8 23. Bb2 f6 24. Rh6 Nf4 25. Rd7 Qg7 26. Rxg7+ Kxg7 27. Rh3 Nxh3+ 28. gxh3 Rbc8 29. Bf3 e5 30. Qc5 Rf7 31. Bc3 Bxc6 32. Bxc6 Rfc7 33. Bd2 Rxc6 34. Qe7+ Kg8 35. Qxa7 R8c7 36. Qb8+ Kg7 37. Qxb5 Rc2 38. Be3 R2c4 39. a4 Rh4 40. Kg2 Rf7 41. a5 e4 42. a6 Rh8 43. a7 Ra8 44. Qa6 Kh7 45. Bd4 Kg7 46. Qa5 Kg8 47. Qd5 Re8 48. a8=Q Rxa8 49. Qxa8+ Kg7 50. Qxe4 Kh7 51. Qd5 Kg7 52. Qxg5 1-0


[Site "https://www.chess.com"]

[Event "Titled Tuesday Blitz April 11 Late 2023"]
[White "Tang, Andrew"]
[Black "Mendonca, Leon Luke"]
[WhiteFideId "2059630"]
[BlackFideId "35028561"]
[WhiteElo "2596"]
[BlackElo "2464"]
[Result "1-0"]
[Round "04"]
[TimeControl "180+2"]
[Date "2023.04.11"]
[WhiteClock "0:00:04"]
[BlackClock "0:00:01"]

1. d4 Nf6 2. c4 e6 3. Nc3 Bb4 4. Qc2 O-O 5. Nf3 d6 6. g3 b6 7. Bg2 Bb7 8. O-O Bxc3 9. Qxc3 Nbd7 10. b4 c5 11. dxc5 dxc5 12. b5 a6 13. a4 axb5 14. axb5 Ne4 15. Qb2 Rxa1 16. Qxa1 Nd6 17. Qc3 Qe7 18. Rd1 Rd8 19. Bf4 Ne8 20. Qd2 f6 21. Ne5 fxe5 22. Bg5 Nef6 23. Bxf6 gxf6 24. Bxb7 Rb8 25. Qxd7 Rxb7 26. Qxe7 Rxe7 27. Rd6 Ra7 28. Rxe6 Kg7 29. Rxb6 Ra4 30. Rc6 Rxc4 31. b6 Rb4 32. Rc7+ Kg6 33. b7 c4 34. Kg2 c3 35. h4 c2 36. Rxc2 Rxb7 37. Rc8 Rb3 38. e3 Rb4 39. Kf3 Ra4 40. Rg8+ Kf7 41. Rg4 Ra2 42. h5 f5 43. Rg5 Kf6 44. Rg8 e4+ 45. Kg2 Ra7 46. h6 Rc7 47. Kh3 Rb7 48. g4 fxg4+ 49. Kxg4 Rb3 50. Rg7 1-0


[Site "https://www.chess.com"]

[Event "Titled Tuesday Blitz April 11 Late 2023"]
[White "Leitao, Rafael"]
[Black "Caruana, Fabiano"]
[WhiteFideId "2101246"]
[BlackFideId "2020009"]
[WhiteElo "2609"]
[BlackElo "2837"]
[Result "1/2-1/2"]
[Round "04"]
[TimeControl "180+2"]
[Date "2023.04.11"]
[WhiteClock "0:00:10"]
[BlackClock "0:00:10"]

1. c4 e5 2. Nc3 Nf6 3. Nf3 Nc6 4. e4 Bb4 5. d3 d6 6. a3 Bc5 7. b4 Bb6 8. Be3 Bg4 9. Be2 Bxf3 10. Bxf3 O-O 11. O-O Nd4 12. Na4 Nd7 13. Bg4 Nf6 14. Bh3 h6 15. Nxb6 axb6 16. f4 c5 17. b5 Qe7 18. Kh1 Nd7 19. a4 f6 20. f5 Ra7 21. Bg4 Rfa8 22. Bh5 d5 23. exd5 e4 24. Bf4 Ne5 25. dxe4 Nxc4 26. Qg4 Kh8 27. d6 Nxd6 28. Rae1 Rxa4 29. e5 N6xf5 30. exf6 Qxf6 31. Bg6 Nh4 32. Be4 Ndf5 33. g3 Re8 34. Bb1 Rxe1 35. Rxe1 Ra8 36. gxh4 Nxh4 37. Be5 Qg5 38. Qxg5 hxg5 39. Bb2 Nf3 40. Re7 Nd4 41. Rxb7 Re8 42. Bc2 Nxc2 43. Rxg7 Nd4 44. Bxd4 cxd4 45. Rxg5 Rd8 46. Rg2 Rd5 47. Rd2 Kg7 48. Kg2 Kf6 49. Kf3 Ke5 50. Re2+ Kd6 51. Ke4 Re5+ 52. Kd3 Rxb5 53. Kxd4 Rh5 54. Rg2 Rh4+ 55. Kc3 Kc6 56. Rg6+ Kb5 57. Rg2 Ka6 58. Kb3 Ka5 59. Ra2+ Kb5 60. Rg2 Rh3+ 61. Kb2 Ka5 62. Rg5+ b5 63. Rg2 Ka4 64. Rg4+ b4 65. Rg2 Rf3 66. Re2 Rf1 67. Rg2 Re1 68. Rf2 Re3 69. Rg2 Rb3+ 70. Ka2 Ra3+ 71. Kb2 Re3 72. Ka2 Rh3 73. Kb2 Rh4 74. Rf2 Kb5 75. Rg2 Kc4 76. Rc2+ Kb5 77. Rg2 Ka4 78. Rf2 1/2-1/2


[Site "https://www.chess.com"]

[Event "Titled Tuesday Blitz April 11 Late 2023"]
[White "Svane, Rasmus"]
[Black "Mikhailovsky, Vladimir"]
[WhiteFideId "4657101"]
[BlackFideId "34105414"]
[WhiteElo "2597"]
[BlackElo "2275"]
[Result "1/2-1/2"]
[Round "04"]
[TimeControl "180+2"]
[Date "2023.04.11"]
[WhiteClock "0:00:03"]
[BlackClock "0:00:03"]

1. Nf3 d6 2. d4 Nf6 3. Nc3 g6 4. e4 Nc6 5. d5 Ne5 6. Nxe5 dxe5 7. Bb5+ Bd7 8. Qe2 Bg7 9. O-O O-O 10. Be3 Ne8 11. Bxd7 Qxd7 12. Qb5 Qxb5 13. Nxb5 a6 14. Na3 Nd6 15. f3 Rfe8 16. c4 e6 17. Rfd1 exd5 18. cxd5 f5 19. Bc5 Bf8 20. Bxd6 Bxd6 21. Rac1 fxe4 22. fxe4 Rf8 23. Rf1 b5 24. Rf3 Rxf3 25. gxf3 Kf7 26. Kg2 Ke7 27. Nb1 Kd7 28. Nd2 a5 29. Nb3 a4 30. Nc5+ Ke7 31. Nd3 Kd7 32. h4 Rf8 33. Kg3 Ke7 34. Kg4 h5+ 35. Kg3 Rg8 36. Kf2 g5 37. Rg1 Kf6 38. Rh1 Rg6 39. Ke3 gxh4 40. Rxh4 Kg5 41. Rh1 Kh6 42. Kf2 Rg5 43. b3 axb3 44. axb3 Kg6 45. Kf1 Rg3 46. Kf2 Rg5 47. Rh2 Kh6 48. Ke3 Kg6 49. Ke2 Rg3 50. Kf2 Rg5 51. Rg2 h4 52. Rh2 Kh5 53. Rh1 Rg3 54. Rh2 Kg5 55. Rg2 Rxg2+ 56. Kxg2 Kh5 57. Kh3 Kg5 58. Kh2 Kh5 59. Kg2 Kg5 60. Kh3 Kh5 61. f4 exf4 62. e5 Bf8 63. Nxf4+ Kg5 64. Ne6+ Kf5 65. Nxf8 Kxe5 66. Ne6 c6 67. Nc5 Kxd5 68. Na6 c5 69. Kxh4 c4 70. bxc4+ bxc4 71. Nb4+ Kd4 72. Na2 c3 73. Nxc3 1/2-1/2


[Site "https://www.chess.com"]

[Event "Titled Tuesday Blitz April 11 Late 2023"]
[White "Alekseenko, Kirill"]
[Black "Javakhadze, Zurab"]
[WhiteFideId "4135539"]
[BlackFideId "13603647"]
[WhiteElo "2683"]
[BlackElo "2381"]
[Result "1-0"]
[Round "04"]
[TimeControl "180+2"]
[Date "2023.04.11"]
[WhiteClock "0:00:13"]
[BlackClock "0:00:05"]

1. d4 d5 2. Nc3 e6 3. Bf4 Nf6 4. Nb5 Na6 5. e3 Be7 6. Nf3 O-O 7. Be2 c6 8. Nc3 c5 9. O-O cxd4 10. exd4 Nb4 11. a3 Nc6 12. Bd3 Bd7 13. Re1 Qb6 14. Qd2 Rfc8 15. Ne5 Be8 16. Nxc6 Rxc6 17. Be5 Rac8 18. Rab1 Nd7 19. Bg3 Bf6 20. Ne2 g6 21. c3 a6 22. Nf4 Qd8 23. Bc2 Nb6 24. Nd3 Nc4 25. Qe2 Rb6 26. a4 a5 27. h3 h5 28. Bf4 Bg5 29. Qf3 Qf6 30. Re2 Bxf4 31. Nxf4 Rxb2 32. Rxb2 Nxb2 33. Bxg6 fxg6 34. Rxb2 g5 35. Ne2 Qxf3 36. gxf3 Bxa4 37. Rxb7 Bd1 38. Kf1 a4 39. Ra7 Rb8 40. Ke1 Rb1 41. Kd2 Bb3 42. Ng3 Rb2+ 43. Ke3 Ra2 44. Nxh5 a3 45. Nf6+ Kf8 46. f4 Bc4 47. fxg5 Re2+ 48. Kf3 1-0


[Site "https://www.chess.com"]

[Event "Titled Tuesday Blitz April 11 Late 2023"]
[White "Deac, Bogdan-Daniel"]
[Black "Nazari, Arad"]
[WhiteFideId "1226380"]
[BlackFideId "12577324"]
[WhiteElo "2649"]
[BlackElo "2242"]
[Result "1-0"]
[Round "04"]
[TimeControl "180+2"]
[Date "2023.04.11"]
[WhiteClock "0:00:17"]
[BlackClock "0:00:01"]

1. b3 e5 2. Bb2 d6 3. e3 g6 4. Ne2 Bg7 5. f4 c5 6. g3 Bd7 7. Bg2 Bc6 8. e4 Nd7 9. O-O Nh6 10. d3 O-O 11. Qd2 f5 12. Nbc3 exf4 13. Nxf4 Bd4+ 14. Kh1 Ng4 15. Rae1 fxe4 16. dxe4 Qg5 17. Nd1 Rae8 18. Bxd4 cxd4 19. Qxd4 Qh6 20. h3 g5 21. Nd5 Nde5 22. Rxf8+ Rxf8 23. Ne7+ Kh8 24. Nxc6 bxc6 25. Kg1 Nf6 26. Rf1 Rd8 27. Ne3 Nh5 28. Nf5 Qf6 29. Qxa7 c5 30. Qc7 Rf8 31. a4 Nf7 32. a5 Qe5 33. Qe7 1-0


[Site "https://www.chess.com"]

[Event "Titled Tuesday Blitz April 11 Late 2023"]
[White "Kosteniuk, Alexandra"]
[Black "Zhigalko, Sergei"]
[WhiteFideId "4128125"]
[BlackFideId "13502956"]
[WhiteElo "2453"]
[BlackElo "2626"]
[Result "0-1"]
[Round "04"]
[TimeControl "180+2"]
[Date "2023.04.11"]
[WhiteClock "0:00:49"]
[BlackClock "0:00:34"]

1. e4 c5 2. c3 Nf6 3. e5 Nd5 4. Nf3 Nc6 5. Bc4 Nb6 6. Bb3 g6 7. d4 cxd4 8. cxd4 Bg7 9. Nc3 d5 10. h3 O-O 11. O-O Bf5 12. Re1 Rc8 13. g4 Be6 14. Bf4 Na5 15. Bc2 Nac4 16. Qc1 Qc7 17. Re2 Nxb2 18. Nb5 Qc4 19. Bd1 Qxc1 20. Rxc1 Rxc1 21. Bxc1 Nxd1 22. Re1 a6 23. Nc7 Nc3 24. Ba3 Rc8 25. Nxe6 fxe6 26. Ng5 Rc6 27. Bxe7 Nxa2 28. Ra1 Nc3 29. Bc5 Nd7 30. Bb4 Ne2+ 0-1


[Site "https://www.chess.com"]

[Event "Titled Tuesday Blitz April 11 Late 2023"]
[White "Eljanov, Pavel"]
[Black "Manukyan, Sargis A."]
[WhiteFideId "14102951"]
[BlackFideId "13303970"]
[WhiteElo "2598"]
[BlackElo "2187"]
[Result "0-1"]
[Round "04"]
[TimeControl "180+2"]
[Date "2023.04.11"]
[WhiteClock "0:00:15"]
[BlackClock "0:00:59"]

1. e4 c5 2. Nf3 d6 3. d4 cxd4 4. Nxd4 Nf6 5. Nc3 g6 6. Be2 Bg7 7. O-O O-O 8. Nb3 Nc6 9. Re1 Be6 10. Bf1 b6 11. Nd5 a5 12. a4 Nb4 13. c4 Nfxd5 14. cxd5 Bd7 15. Nd4 Rc8 16. Be3 Bxd4 17. Bxd4 Nc2 18. Bc3 Nxa1 19. Qxa1 f6 20. Qa2 Qe8 21. Ra1 b5 22. axb5 Bxb5 23. h4 Bxf1 24. Rxf1 a4 25. Qa1 Qb5 26. Qe1 Qd3 27. f4 a3 28. Rf3 Qc2 29. bxa3 Rc4 30. Re3 Rfc8 31. Bb4 Qb2 32. Kh2 Rc1 33. Qf2 Qxf2 0-1


[Site "https://www.chess.com"]

[Event "Titled Tuesday Blitz April 11 Late 2023"]
[White "Grigoriants, Sergey"]
[Black "Kleiman, Jake"]
[WhiteFideId "4130804"]
[BlackFideId "2020041"]
[WhiteElo "2502"]
[BlackElo "2399"]
[Result "1-0"]
[Round "04"]
[TimeControl "180+2"]
[Date "2023.04.11"]
[WhiteClock "0:01:00"]
[BlackClock "0:01:29"]

1. d4 Nf6 2. c4 e6 3. g3 Bb4+ 4. Nd2 O-O 5. Bg2 d5 6. Nf3 b6 7. O-O Bb7 8. Ne5 Bd6 9. b3 c5 10. Bb2 cxd4 11. Bxd4 Qc7 12. Rc1 Bxe5 13. cxd5 Qd6 14. Nc4 Qd8 15. Bxe5 Nxd5 16. Nd6 Ba6 17. Bxd5 exd5 18. Qxd5 Nd7 19. Bb2 Nc5 20. Rfd1 Bxe2 21. Qe5 1-0


[Site "https://www.chess.com"]

[Event "Titled Tuesday Blitz April 11 Late 2023"]
[White "Manelyuk, Daniil"]
[Black "Corrales Jimenez, Fidel"]
[WhiteFideId "44173920"]
[BlackFideId "3506690"]
[WhiteElo "2259"]
[BlackElo "2541"]
[Result "1-0"]
[Round "04"]
[TimeControl "180+2"]
[Date "2023.04.11"]
[WhiteClock "0:00:26"]
[BlackClock "0:00:11"]

1. e4 c6 2. d4 d5 3. e5 c5 4. c4 Nc6 5. Nf3 cxd4 6. cxd5 Qxd5 7. Nc3 Qd8 8. Nb5 e6 9. Nfxd4 Bb4+ 10. Bd2 Bxd2+ 11. Qxd2 Nxe5 12. f4 Nc6 13. Qc3 Kf8 14. O-O-O Nxd4 15. Rxd4 Bd7 16. Kb1 Ne7 17. Bc4 a6 18. Rhd1 axb5 19. Rxd7 Qe8 20. Bxb5 Nc6 21. Bxc6 bxc6 22. Qxc6 g6 23. Qc3 Kg8 24. Qf6 h5 25. Rd8 Kh7 26. Rxe8 Raxe8 27. Qxf7+ Kh6 28. Qf6 h4 29. Rd7 Kh5 30. Qg5# 1-0


[Site "https://www.chess.com"]

[Event "Titled Tuesday Blitz April 11 Late 2023"]
[White "Mortazavi, Ali"]
[Black "Melkumyan, Hrant"]
[WhiteFideId "401323"]
[BlackFideId "13302485"]
[WhiteElo "2339"]
[BlackElo "2604"]
[Result "1/2-1/2"]
[Round "04"]
[TimeControl "180+2"]
[Date "2023.04.11"]
[WhiteClock "0:00:12"]
[BlackClock "0:00:18"]

1. Nf3 c5 2. g3 Nc6 3. Bg2 e5 4. O-O d5 5. d3 Be7 6. c4 d4 7. b4 cxb4 8. a3 a5 9. Qa4 Bd7 10. Qb5 Qc7 11. axb4 Bxb4 12. Ba3 f6 13. Nfd2 Nge7 14. Bxb4 Nxb4 15. Qxb7 Qxb7 16. Bxb7 Ra7 17. Bf3 O-O 18. Na3 Rb8 19. Rfb1 Ra6 20. Rb2 g5 21. Nc2 Rab6 22. Rxa5 Nxc2 23. Rxc2 g4 24. Bg2 Nc6 25. Ra1 Kf8 26. f3 Rb2 27. Ra2 Rxc2 28. Rxc2 Ke7 29. fxg4 Nb4 30. Rb2 Bxg4 31. Kf1 Bd7 32. Ne4 h6 33. Nc5 Be8 34. h4 Rb6 35. Be4 Nd5 36. Rxb6 Nxb6 37. Bf5 Kd6 38. Ne4+ Ke7 39. Kf2 Bc6 40. g4 Bxe4 41. Bxe4 Na4 42. Kf3 Nc5 43. Bd5 Kd6 44. Bf7 Ke7 45. Bd5 Kd6 46. Bf7 Kd7 47. Bd5 Ke8 48. Bc6+ Kf8 49. Bd5 Kg7 50. Be4 Kf8 51. Bf5 Ke8 52. e3 Kf8 53. exd4 exd4 54. Kf4 Ke7 55. g5 hxg5+ 56. hxg5 fxg5+ 57. Kxg5 Kd6 58. Kf4 Na4 59. Be4 Kc5 60. Ke5 Nc3 61. Bf5 Na2 62. Be4 Nb4 63. Bf5 Nc2 64. Be4 Ne3 65. Bf5 Nxc4+ 66. dxc4 Kxc4 67. Be4 d3 68. Bxd3+ 1/2-1/2


[Site "https://www.chess.com"]

[Event "Titled Tuesday Blitz April 11 Late 2023"]
[White "Balog, Imre"]
[Black "Vakhlamov, Igor L."]
[WhiteFideId "728446"]
[BlackFideId "24126748"]
[WhiteElo "2570"]
[BlackElo "2400"]
[Result "1-0"]
[Round "04"]
[TimeControl "180+2"]
[Date "2023.04.11"]
[WhiteClock "0:01:57"]
[BlackClock "0:00:02"]

1. d4 d5 2. c4 e6 3. Nc3 c5 4. cxd5 cxd4 5. Nf3 dxc3 6. e4 exd5 7. Bb5+ Bd7 8. Qxd5 Bxb5 9. Qxb5+ Qd7 10. Qe5+ Ne7 11. Qxc3 Nbc6 12. O-O Ng6 13. Be3 f6 14. Rad1 Qf7 15. a3 Be7 16. h4 Qe6 17. h5 Nge5 18. Nh4 O-O 19. Nf5 Rfd8 20. b4 a6 21. Bb6 Rxd1 22. Rxd1 Bf8 23. Qg3 Re8 24. Bc5 g6 25. f4 Kh8 26. Bxf8 Rxf8 27. Rd6 Qe8 28. fxe5 gxf5 29. exf6 Rg8 30. Qc3 Qe5 31. Qxe5 Nxe5 32. Re6 Ng4 33. f7 Rf8 34. h6 fxe4 35. Re8 Rxe8 36. fxe8=Q# 1-0


[Site "https://www.chess.com"]

[Event "Titled Tuesday Blitz April 11 Late 2023"]
[White "Naroditsky, Daniel"]
[Black "Chos, Alexey"]
[WhiteFideId "2026961"]
[BlackFideId "14117762"]
[WhiteElo "2633"]
[BlackElo "2234"]
[Result "1-0"]
[Round "04"]
[TimeControl "180+2"]
[Date "2023.04.11"]
[WhiteClock "0:00:36"]
[BlackClock "0:00:02"]

1. d4 Nf6 2. Nc3 d5 3. Bf4 a6 4. e3 g6 5. h4 h5 6. Nf3 Bg7 7. Qd2 O-O 8. Ne5 c5 9. f3 Nc6 10. O-O-O cxd4 11. exd4 Bf5 12. g4 hxg4 13. h5 Nxe5 14. Bxe5 Nxh5 15. fxg4 Bxg4 16. Be2 Bxe2 17. Qxe2 f6 18. Bh2 Qd7 19. Rhg1 Bh6+ 20. Kb1 Kh7 21. Qg2 Rg8 22. Nxd5 Rad8 23. Nc3 b5 24. Ne4 Qd5 25. Qe2 Rde8 26. Qf3 Qf5 27. Qg2 Rd8 28. d5 Rxd5 29. Ng5+ Qxg5 30. Qxd5 Qxd5 31. Rxd5 e5 32. b3 e4 33. c4 bxc4 34. bxc4 e3 35. c5 Nf4 36. Rd7+ Rg7 37. Rxg7+ Kxg7 38. c6 Nd5 39. c7 Nb6 40. Rd1 f5 41. Rd6 Nc8 42. Rd8 Nb6 43. Rb8 e2 44. Bg3 f4 45. Be1 f3 46. Rxb6 Be3 47. c8=Q f2 48. Qd7+ 1-0


[Site "https://www.chess.com"]

[Event "Titled Tuesday Blitz April 11 Late 2023"]
[White "Bortnyk, Olexandr"]
[Black "Lobanov, Sergei"]
[WhiteFideId "14120828"]
[BlackFideId "24183750"]
[WhiteElo "2734"]
[BlackElo "2489"]
[Result "1-0"]
[Round "04"]
[TimeControl "180+2"]
[Date "2023.04.11"]
[WhiteClock "0:00:51"]
[BlackClock "0:00:01"]

1. d4 Nf6 2. Nc3 d5 3. Bf4 c5 4. e4 Nxe4 5. Nxe4 dxe4 6. dxc5 Qa5+ 7. c3 Qxc5 8. Qa4+ Nc6 9. Qxe4 g6 10. Nf3 Bg7 11. Rd1 Bf5 12. Qa4 O-O 13. Be3 Qa5 14. Qh4 Ne5 15. Nxe5 Bxe5 16. Bc4 Rac8 17. Bb3 Bf6 18. Qg3 Qa6 19. Qf3 Rfd8 20. g4 Rxd1+ 21. Qxd1 Be4 22. Rg1 e6 23. g5 Rd8 24. Qg4 Bf5 25. Qc4 b5 26. Qc7 Rc8 27. Qxa7 Qxa7 28. Bxa7 Be5 29. h4 b4 30. Be3 bxc3 31. bxc3 Bxc3+ 32. Ke2 Bb4 33. Kf3 Be7 34. Rd1 h6 35. Rd7 Re8 36. Ra7 hxg5 37. Ba4 g4+ 38. Ke2 1-0


[Site "https://www.chess.com"]

[Event "Titled Tuesday Blitz April 11 Late 2023"]
[White "Milikow, Yoav"]
[Black "Duda, Jan-Krzysztof"]
[WhiteFideId "2822237"]
[BlackFideId "1170546"]
[WhiteElo "2410"]
[BlackElo "2790"]
[Result "0-1"]
[Round "04"]
[TimeControl "180+2"]
[Date "2023.04.11"]
[WhiteClock "0:00:02"]
[BlackClock "0:00:15"]

1. d4 Nf6 2. c4 g6 3. Nc3 d5 4. cxd5 Nxd5 5. e4 Nxc3 6. bxc3 Bg7 7. Qa4+ Nd7 8. Nf3 O-O 9. Qa3 c5 10. h4 h6 11. e5 b6 12. Be3 Bb7 13. Be2 e6 14. Qc1 h5 15. Qa3 a6 16. O-O b5 17. Rfd1 Qc7 18. Qb2 Nb6 19. Rac1 Rac8 20. Qd2 Rfd8 21. Bg5 Rd7 22. Bf6 Bxf3 23. Bxf3 Bxf6 24. exf6 Qd8 25. Qg5 cxd4 26. cxd4 Rxc1 27. Rxc1 Nd5 28. Bxh5 Qxf6 29. Rc8+ Kg7 30. Bf3 Qxg5 31. hxg5 Ne7 32. Ra8 Rd6 33. Bb7 Nf5 34. Rxa6 Rxd4 35. Bc6 Rd1+ 36. Kh2 Nd4 37. Be8 Kf8 38. Ra8 Ke7 39. Rb8 Rb1 40. a4 b4 41. a5 b3 42. a6 Ra1 43. Rb4 Kxe8 44. Rxd4 b2 45. a7 b1=Q 0-1


[Site "https://www.chess.com"]

[Event "Titled Tuesday Blitz April 11 Late 2023"]
[White "Goltsev, Dmitry"]
[Black "Bortnyk, Mykola"]
[WhiteFideId "24176710"]
[BlackFideId "14120836"]
[WhiteElo "2336"]
[BlackElo "2582"]
[Result "0-1"]
[Round "04"]
[TimeControl "180+2"]
[Date "2023.04.11"]
[WhiteClock "0:01:11"]
[BlackClock "0:01:51"]

1. e4 Nf6 2. e5 Nd5 3. c4 Nb6 4. d4 d6 5. exd6 cxd6 6. Nc3 g6 7. Nf3 Bg7 8. h3 Nc6 9. Be3 O-O 10. Be2 e5 11. d5 Na5 12. c5 Nbc4 13. Qc1 Nxe3 14. Qxe3 dxc5 15. Qxc5 f5 16. O-O-O b6 17. Qb4 Bd7 18. Bb5 Rc8 19. Rhe1 Bxb5 20. Qxb5 e4 21. Nd4 Qg5+ 22. Kb1 Bxd4 23. Rxd4 Qxg2 24. d6 Rc5 25. Qd7 Qxf2 26. Red1 Re5 27. Qxa7 e3 28. Qxb6 e2 29. Nxe2 Rxe2 30. d7 Nc4 31. Qa6 Rxb2+ 32. Ka1 Rb1+ 33. Kxb1 Qb2# 0-1


[Site "https://www.chess.com"]

[Event "Titled Tuesday Blitz April 11 Late 2023"]
[White "Anton Guijarro, David"]
[Black "Remizov, Yaroslav"]
[WhiteFideId "2285525"]
[BlackFideId "34134015"]
[WhiteElo "2618"]
[BlackElo "2412"]
[Result "1-0"]
[Round "04"]
[TimeControl "180+2"]
[Date "2023.04.11"]
[WhiteClock "0:00:49"]
[BlackClock "0:00:01"]

1. d4 d5 2. Nf3 Nf6 3. e3 c6 4. c4 e6 5. Nbd2 Nbd7 6. b3 Be7 7. Bd3 O-O 8. O-O b6 9. Bb2 Bb7 10. Qe2 c5 11. Rad1 cxd4 12. exd4 Re8 13. Ne5 Nxe5 14. dxe5 Nd7 15. Rfe1 Nf8 16. cxd5 exd5 17. Bb5 Ne6 18. Bxe8 Qxe8 19. Nf3 Bb4 20. Rf1 a5 21. Qd3 Ba6 22. Qxd5 Bxf1 23. Rxf1 Rd8 24. Qe4 h6 25. h4 Nc5 26. Qe3 Nd7 27. Rc1 Bc5 28. Qe4 Nf8 29. Bd4 Bxd4 30. Nxd4 Ne6 31. Nf5 Nc5 32. Qg4 g6 33. Nxh6+ Kh7 34. Qg5 Ne6 35. Qe3 Rd4 36. f3 Rxh4 37. Ng4 Qf8 38. Rc6 Qb4 39. Nf6+ Kg7 40. Rc8 1-0


[Site "https://www.chess.com"]

[Event "Titled Tuesday Blitz April 11 Late 2023"]
[White "Hasangatin, Ramil"]
[Black "Kollars, Dmitrij"]
[WhiteFideId "4122160"]
[BlackFideId "12909572"]
[WhiteElo "2275"]
[BlackElo "2584"]
[Result "1/2-1/2"]
[Round "04"]
[TimeControl "180+2"]
[Date "2023.04.11"]
[WhiteClock "0:00:09"]
[BlackClock "0:00:21"]

1. e4 e5 2. Nf3 Nc6 3. Bb5 a6 4. Ba4 Nf6 5. Bxc6 dxc6 6. d3 Nd7 7. Be3 Bd6 8. c3 O-O 9. O-O Re8 10. Qc2 c5 11. Nbd2 Nf8 12. a3 a5 13. a4 b6 14. Nc4 Ng6 15. h3 h6 16. Rad1 Qf6 17. Nh2 Nf4 18. Bxf4 Qxf4 19. Qd2 Qxd2 20. Rxd2 Bf8 21. Ng4 f6 22. Nge3 Be6 23. Nd5 Bxd5 24. exd5 Rad8 25. Ne3 g6 26. g4 Kf7 27. Kg2 h5 28. c4 Bh6 29. Re2 hxg4 30. hxg4 Bg5 31. Rh1 Kg7 32. Ree1 e4 33. dxe4 Rxe4 34. Kf3 Rf4+ 35. Kg3 Rd4 36. Ng2 f5 37. f4 Bf6 38. b3 Rd3+ 39. Re3 Rxe3+ 40. Nxe3 Bd4 41. Kf3 Re8 42. Ng2 fxg4+ 43. Kxg4 Re2 44. Nh4 Kf6 45. Rh3 Re1 46. Nf3 Rb1 47. Nxd4 cxd4 48. Rd3 Rb2 49. Rxd4 Rxb3 50. d6 cxd6 51. Rxd6+ Kf7 52. Rc6 Rb4 53. c5 bxc5 54. Rxc5 Rxa4 55. Kg5 Ra1 56. Rc7+ Ke6 57. Rc6+ Kd5 58. Rxg6 a4 59. Ra6 a3 60. f5 a2 61. Kf6 Ke4 62. Ra4+ Kd3 63. Ra8 Kc4 64. Rc8+ Kb3 65. Rb8+ Kc3 66. Rc8+ Kd4 67. Ra8 Kc5 68. Ra7 Kb6 69. Ra8 Kc6 70. Ra6+ Kc5 71. Ra8 Kd6 72. Ra6+ Kc7 73. Ra4 Kb7 74. Ra3 Kc6 75. Ra4 Kc5 76. Ra8 Kd5 77. Ra7 Kd4 78. Ra8 Kc4 79. Ra7 Kc3 80. Ra8 Kb3 81. Rb8+ Kc2 82. Rc8+ Kd3 83. Ra8 Ke4 84. Ra7 Kf4 85. Ra4+ Kg3 86. Ra8 Kg4 87. Ra4+ Kh5 88. Ra8 Kh4 89. Ra7 Kg4 90. Ra4+ Kg3 91. Ra8 Kf4 92. Ra4+ Ke3 93. Ra8 Kd4 94. Ra7 Kc5 95. Ra8 1/2-1/2


[Site "https://www.chess.com"]

[Event "Titled Tuesday Blitz April 11 Late 2023"]
[White "Averjanov, Alexey"]
[Black "Talibov, Shiroghlan"]
[WhiteFideId "14109867"]
[BlackFideId "13429078"]
[WhiteElo "2399"]
[BlackElo "2224"]
[Result "1-0"]
[Round "04"]
[TimeControl "180+2"]
[Date "2023.04.11"]
[WhiteClock "0:00:05"]
[BlackClock "0:00:02"]

1. d4 d5 2. c4 c6 3. e3 Nf6 4. Bd3 g6 5. Nd2 Bg7 6. Ngf3 O-O 7. b3 c5 8. Bb2 cxd4 9. exd4 Nc6 10. c5 Bg4 11. O-O Nd7 12. Qb1 Nb4 13. Bc3 Nxd3 14. Qxd3 Bf5 15. Qe3 Re8 16. Rfe1 a5 17. a3 f6 18. Nh4 e6 19. Nxf5 gxf5 20. b4 Qc7 21. b5 Kh8 22. f4 a4 23. Nf3 Nf8 24. Ra2 Ng6 25. g3 h5 26. Rae2 Qd7 27. Qd3 Kg8 28. h4 Kf7 29. Kf2 Rad8 30. Ba5 Ra8 31. Bb4 Rad8 32. Re3 Bh6 33. Bd2 Re7 34. R3e2 Rg8 35. Rc1 Rc8 36. Bb4 Ree8 37. Bd2 Re7 38. Rce1 Rg8 39. Rg1 Nf8 40. Bb4 Re8 41. Bd2 Re7 42. Be3 Ke8 43. Rc2 Qc8 44. c6 b6 45. Re2 Ng6 46. Bd2 Kf7 47. Qc2 Rge8 48. Qxa4 e5 49. dxe5 fxe5 50. fxe5 Bxd2 51. Rxd2 Nxe5 52. Nxe5+ Rxe5 53. Qf4 Qe6 54. Qf3 Kg6 55. Rgd1 Rd8 56. Re2 Re4 57. Rxe4 fxe4 58. Qe2 Rf8+ 59. Kg2 Qe5 60. Qe3 Rf3 61. Qg5+ Qxg5 62. hxg5 Rf5 63. c7 Rf8 64. Rxd5 Rc8 65. Rd6+ Kxg5 66. Rc6 Kg4 67. Kf2 e3+ 68. Kxe3 Kxg3 69. Kd4 h4 70. Kd5 h3 71. Kd6 h2 72. Rc1 Rf8 73. Kd7 Kg2 74. c8=Q Rf1 75. Rxf1 Kxf1 76. Qc1+ Kf2 77. Qc2+ Kg1 78. Qxh2+ 1-0


[Site "https://www.chess.com"]

[Event "Titled Tuesday Blitz April 11 Late 2023"]
[White "Durarbayli, Vasif"]
[Black "Riff, Vincent"]
[WhiteFideId "13402935"]
[BlackFideId "617776"]
[WhiteElo "2551"]
[BlackElo "2369"]
[Result "1-0"]
[Round "04"]
[TimeControl "180+2"]
[Date "2023.04.11"]
[WhiteClock "0:02:13"]
[BlackClock "0:02:07"]

1. e4 c5 2. Nf3 Nc6 3. d4 cxd4 4. Nxd4 e5 5. Nb5 d6 6. c4 g6 7. h4 Nf6 8. Bg5 Qa5+ 9. Qd2 Nxe4 10. Qxa5 Nxa5 11. Nc7+ Kd7 12. Nxa8 Nxg5 13. hxg5 b6 14. Nc3 Bb7 15. Nxb6+ axb6 16. Nd5 Bxd5 17. cxd5 Be7 18. Bb5+ Kd8 19. b4 Nb7 20. Rc1 Bxg5 21. Rc6 e4 22. Ba6 1-0


[Site "https://www.chess.com"]

[Event "Titled Tuesday Blitz April 11 Late 2023"]
[White "Hambleton, Aman"]
[Black "Keymer, Vincent"]
[WhiteFideId "2606577"]
[BlackFideId "12940690"]
[WhiteElo "2511"]
[BlackElo "2651"]
[Result "1/2-1/2"]
[Round "04"]
[TimeControl "180+2"]
[Date "2023.04.11"]
[WhiteClock "0:00:05"]
[BlackClock "0:00:08"]

1. d4 Nf6 2. Bf4 e6 3. e3 d5 4. Nd2 Bd6 5. Ngf3 Bxf4 6. exf4 Qd6 7. g3 b6 8. c3 O-O 9. Bd3 Ba6 10. Bxa6 Nxa6 11. Qe2 Nb8 12. O-O c5 13. Rfe1 Nc6 14. Qd3 h6 15. Ne5 Rac8 16. Nxc6 Qxc6 17. Nf3 Ne4 18. Kg2 Qa4 19. Re2 b5 20. Nd2 Nxd2 21. Rxd2 b4 22. c4 Rfd8 23. dxc5 Rxc5 24. b3 Qc6 25. Qf3 Rc8 26. cxd5 Rxd5 27. Rxd5 Qxd5 28. Rd1 Qxf3+ 29. Kxf3 Rc2 30. Rd8+ Kh7 31. Rd7 Rxa2 32. Rxf7 Ra3 33. Ke2 a5 34. Ra7 Kg6 35. g4 Kf6 36. h4 g6 37. f3 e5 38. Ra6+ Kf7 39. fxe5 Rxb3 40. Rxa5 g5 41. hxg5 hxg5 42. Ra6 Rc3 43. Rb6 b3 44. Kf2 Ke7 45. Ke2 Kf7 46. e6+ Kf6 47. Kf2 Rc2+ 48. Ke3 b2 49. Kd3 Rf2 50. Ke3 Rh2 51. Kd3 Ke7 52. Ke3 Rg2 53. Kd3 Rh2 54. Ke4 Rf2 55. Ke3 Rh2 56. Kd4 Re2 57. Kd3 Rf2 58. Ke4 Kf6 59. Rb5 Ke7 60. Ke5 Re2+ 61. Kf5 Rf2 62. Rb7+ Kd6 63. Kxg5 Kxe6 64. f4 Kd5 65. f5 Kc6 66. Rb3 Kd5 67. f6 Ke5 68. Rb5+ Ke6 69. Rb6+ Kf7 70. Rb7+ Ke6 71. Rb6+ Kf7 72. Rb7+ Ke6 73. Rb8 Rxf6 74. Rb6+ Ke7 75. Rb7+ Ke6 76. Rxb2 Rf3 77. Rb8 Kf7 78. Rb7+ Kg8 79. Kg6 Rf8 80. g5 Rc8 81. Kh6 Rc6+ 82. Kh5 Rc8 83. Rb6 Rd8 84. Kg6 Rc8 85. Rd6 Ra8 86. Rc6 Rb8 87. Ra6 Rc8 88. Kh6 Rd8 89. Rf6 Rc8 90. Rg6+ Kh8 91. Rg7 Rc6+ 92. g6 Rc8 93. Re7 Kg8 94. Re6 Rd8 95. Rf6 Rc8 96. Rd6 Ra8 97. Rd5 Rb8 98. Kg5 Ra8 99. Rd7 Rb8 100. Kh6 Ra8 101. Rh7 Rb8 102. Rg7+ Kh8 103. Ra7 Kg8 104. Rf7 Kh8 105. Rf8+ Rxf8 106. g7+ Kg8 107. gxf8=Q+ Kxf8 1/2-1/2


[Site "https://www.chess.com"]